Map: Cyber Forest LE

Players

DarwinAwdWnr - Winner!

  • Race: Zerg Zerg
  • League: Gold
  • Spawn Location: 5:00

Tristopher

  • Race: Zerg Zerg
  • League: Platinum
  • Spawn Location: 11:00

VOD

Have the link to the VOD?

Description

Time

  • Played on: June 24, 2019, 8:34 a.m.
  • Length: 11:05
Show
View Real Time Build Order
Export as new Build Order

DarwinAwdWnr Zerg - Winner!

Build Orders: Hatch First 

Get SALT Encoding   

  12  0:01  Drone  
  13  0:08  Drone  
  14  0:16  Overlord  
  14  0:35  Drone x2  
  16  0:52  Hatchery  
  15  0:58  Drone x2  
  15  1:01  Drone  
  18  1:10  Drone  
  19  1:13  Extractor  
  18  1:22  Drone  
  19  1:28  Spawning Pool  
  18  1:40  Drone  
  19  1:49  Drone  
  20  2:15  Queen  
  20  2:16  Queen  
  20  2:18  Zergling x2  
  20  2:19  Zergling x2  
  20  2:20  Drone  
  20  2:21  Drone  
  28  2:40  Drone, Hatchery  
  28  2:42  Overlord  
  28  3:00  Drone x5  
  28  3:03  Drone  
  33  3:21  Metabolic Boost  
  33  3:30  Zergling x2  
  33  3:31  Zergling x2  
  33  3:32  Overlord  
  33  3:33  Overlord, Baneling Nest  
  34  3:35  Zergling x2  
  35  3:50  Zergling x2  
  35  3:51  Zergling x10  
  40  3:59  Zergling x12  
  46  4:07  Zergling x8  
  47  4:21  Zergling x4  
  43  4:37  Zergling x2  
  43  4:38  Zergling x14  
  47  4:48  Zergling x4, Hatchery  
  48  4:52  Queen  
  50  5:03  Zergling x2  
  50  5:04  Zergling x4  
  45  5:23  Zergling x16  
  45  5:25  Zergling x2  
  51  5:29  Zergling x2  
  50  5:38  Zergling x2  
  50  5:39  Zergling x2  
  50  5:41  Zergling x2  
  46  5:51  Baneling x2  
  46  5:54  Zergling x2  
  46  5:55  Zergling x2  
  44  6:21  Lair  
  44  6:31  Drone x6  
  50  6:38  Hatchery  
  49  6:43  Queen  
  49  6:45  Roach Warren  
  49  6:51  Zergling x2  
  49  6:52  Overlord x2  
  50  7:00  Zergling x2  
  49  7:03  Overlord  
  49  7:04  Overlord  
  49  7:06  Zergling x2  
  49  7:07  Zergling x2  
  50  7:12  Zergling x6  
  50  7:13  Zergling x10  
  54  7:19  Zergling x2  
  52  7:25  Zergling x8  
  52  7:26  Zergling x2  
  54  7:35  Zergling x6  
  48  7:40  Zergling x6  
  47  7:46  Zergling x2  
  47  7:47  Zergling x4  
  48  7:51  Zergling x2  
  46  8:02  Zergling x4  
  46  8:03  Zergling x4  
  46  8:13  Zergling x4  
  46  8:14  Zergling x8  
  51  8:32  Spire  
  50  8:47  Zergling x6  
  50  8:48  Zergling x2  
  53  8:52  Zergling x6  
  53  8:53  Zergling x8  
  53  9:06  Zergling x2  
  53  9:07  Zergling x8  
  54  9:16  Zergling x2  
  56  9:17  Zergling x2  
  52  9:42  Baneling  
  52  9:43  Baneling x2  
  52  9:46  Mutalisk x7  
  66  9:55  Zergling x12  
  70  10:15  Mutalisk  
  70  10:17  Zergling x2  
  70  10:18  Zergling x14  
  80  10:23  Drone  
  80  10:25  Extractor  
  80  10:29  Extractor  
  80  10:30  Extractor  
Show
View Real Time Build Order
Export as new Build Order

Tristopher Zerg 

Build Orders: Hatch First 

Get SALT Encoding   

  12  0:01  Drone  
  13  0:08  Drone  
  14  0:16  Overlord  
  14  0:34  Drone x3  
  17  0:45  Drone  
  18  0:56  Hatchery  
  17  0:59  Drone  
  17  1:01  Extractor  
  17  1:15  Spawning Pool  
  17  1:18  Drone  
  17  1:20  Drone  
  18  1:28  Drone  
  19  1:41  Overlord  
  19  2:01  Queen  
  19  2:02  Zergling x4  
  19  2:08  Queen  
  25  2:09  Drone  
  25  2:13  Drone  
  27  2:16  Metabolic Boost  
  27  2:19  Drone  
  27  2:22  Drone  
  29  2:29  Drone  
  30  2:47  Roach Warren  
  29  2:52  Overlord x2  
  29  2:54  Zergling x4  
  31  3:01  Zergling x2  
  32  3:11  Queen  
  33  3:15  Overlord  
  33  3:16  Zergling x8  
  33  3:17  Zergling x2  
  38  3:28  Roach x3  
  38  3:31  Roach  
  46  3:37  Roach  
  48  3:41  Drone  
  49  4:03  Drone  
  49  4:04  Drone x2  
  49  4:07  Drone x6  
  58  4:16  Drone  
  50  4:32  Hatchery  
  50  4:35  Roach  
  50  4:36  Roach x4  
  55  4:48  Evolution Chamber  
  50  4:54  Baneling Nest  
  50  4:59  Drone x4  
  54  5:00  Drone x2  
  55  5:13  Evolution Chamber  
  55  5:18  Roach x2  
  55  5:20  Overlord x3  
  59  5:23  Extractor  
  53  5:28  Zergling x4  
  51  5:40  Roach x2  
  51  5:41  Roach  
  51  5:42  Queen  
  55  5:43  Queen  
  54  5:55  Hatchery  
  53  6:02  Drone x5  
  58  6:11  Drone x2  
  60  6:12  Drone  
  53  6:24  Drone x2  
  55  6:30  Drone  
  56  6:49  Drone  
  56  6:50  Drone x3, Roach x2  
  56  6:51  Drone  
  65  6:57  Lair  
  63  7:03  Roach x2  
  65  7:11  Roach x3  
  57  7:23  Roach x2  
  57  7:24  Roach  
  56  7:58  Zergling x2  
  56  7:59  Zergling x6, Drone  
  56  8:00  Drone x7  
  56  8:02  Drone  
  51  8:27  Drone x3  
  51  8:28  Drone x3  
  51  8:31  Baneling  
  51  8:32  Baneling x4  
  51  8:33  Centrifical Hooks  
  56  8:46  Queen x2  
  56  8:47  Drone  
  56  8:48  Drone x2  
  51  9:00  Zergling x10  
  50  9:08  Zergling x8  
  50  9:10  Baneling  
  50  9:14  Drone x3  
  48  9:35  Extractor  
  45  9:47  Roach  
  45  9:48  Roach x4  
  45  9:50  Baneling  
  55  9:52  Hatchery  
  55  9:56  Extractor  
  53  10:00  Baneling  
  53  10:05  Roach x2  
  57  10:12  Drone  
  57  10:13  Drone x2  
  54  10:24  Zergling x2  
  54  10:25  Zergling x2  
  54  10:26  Roach x5  
Tags
 
Matchup
ZvZ
Race
Zerg
Replay Pack
10.7.19
Spawn Locations
Cross Positions
Add a new tag
Caveats
  • Supply blocks, unpowered buildings, or Contaminate may cause inaccurate times.
  • Supply counts are checked every 10 seconds.